 Dungeon Crawl Stone Soup version 0.30-a0-177-g1cb5dbfd7a (webtiles) character file.

Game seed: 2534954446996441526

851 billz999 the Ruffian (level 7, -3/70 HPs)
             Began as a Troll Monk on Oct 3, 2022.
             Slain by a black bear (10 damage)
             ... on level 6 of the Dungeon.
             The game lasted 00:07:10 (3757 turns).

billz999 the Ruffian (Troll Monk)                   Turns: 3757, Time: 00:07:11

Health: -3/70      AC:  5    Str: 18    XL:     7   Next: 69%
Magic:  6/6        EV: 10    Int:  8    God:
Gold:   173        SH:  0    Dex: 12    Spells: 6/6 levels left

rFire   . . .      SeeInvis +    i - +10 dagger "Zypeerewn" {vorpal, Fly rN+ Will+ Str-2}
rCold   . . .      Faith    .    (no shield)
rNeg    + . .      Spirit   .    a - +0 robe
rPois   .          Reflect  .    (helmet restricted)
rElec   .          Harm     .    g - +0 cloak
rCorr   .          Rampage  .    (gloves unavailable)
Will    +....                    (boots unavailable)
Stlth   +.........               (no amulet)
HPRegen 1.11/turn                k - ring of see invisible
MPRegen 0.10/turn                (no ring)

@: confused, ambrosia-drunk, flying
A: large, unfitting armour, claws 3, regeneration 1, shaggy fur 1, tough skin 1
a: no special abilities


You were on level 6 of the Dungeon.
You visited 1 branch of the dungeon, and saw 6 of its levels.

You collected 173 gold pieces.

Inventory:

Hand Weapons
 f - a +0 dagger of venom
 i - the +10 dagger "Zypeerewn" (weapon) {vorpal, Fly rN+ Will+ Str-2}
   (You found it on level 2 of the Dungeon)

   It inflicts extra damage upon your enemies.
   Str:       It affects your strength (-2).
   rN:        It protects you from negative energy.
   Fly:       It grants you flight.
   Will:      It increases your willpower.
Armour
 a - a +0 robe (worn)
 g - a +0 cloak (worn)
Jewellery
 k - a ring of see invisible (left claw)
Scrolls
 h - a scroll of noise {unknown}
 j - 4 scrolls of teleportation {unknown}
 l - a scroll of poison {unknown}
 m - a scroll of enchant weapon {unknown}
 o - a scroll of silence {unknown}
 r - a scroll of fear {unknown}
 s - a scroll of magic mapping {unknown}
 t - 4 scrolls of immolation {unknown}
 u - 3 scrolls of identify
Potions
 b - a potion of ambrosia
 c - 3 potions of curing
 d - a potion of lignification {unknown}
 e - 2 potions of might
 n - a potion of attraction {unknown}
 p - a potion of heal wounds {unknown}


   Skills:
 + Level 4.1 Fighting
 + Level 3.0 Short Blades
 - Level 2.4 Dodging
 - Level 1.0 Stealth
 - Level 7.2 Unarmed Combat


You had 6 spell levels left.
You didn't know any spells.
Your spell library contained the following spells:

 Spells                   Type           Power      Damage    Failure   Level
 Apportation              Tloc           0%         N/A       41%         1
 Necrotise                Necr           0%         1d4       41%         1
 Summon Small Mammal      Summ           0%         N/A       41%         1
 Cause Fear               Hex            0%         N/A       99%         4
 Dragon Form              Tmut           0%         N/A       100%        7
 Dragon's Call            Summ           0%         N/A       100%        9


Dungeon Overview and Level Annotations

Branches:
Dungeon (6/15)
 Temple: D:4-7

Altars:
Vehumet

Annotations:
D:5 Pikel


Innate Abilities, Weirdness & Mutations

You are too large for most types of armour.
You have claws for hands.
Your natural rate of healing is unusually fast.
You are covered in fur. (AC +1)
You have tough skin. (AC +1)


Message History

You kill the ogre!
Your Fighting skill increases to level 4!
Your Short Blades skill increases to level 3!
You hit the black bear. Your claw misses the black bear.
The black bear is moderately wounded.
The black bear bites you. The black bear claws you.
The black bear claws you but does no damage.
You hit the black bear.
The black bear is moderately wounded.
You puncture the black bear!
The black bear is severely wounded.
The black bear bites you but does no damage.
The black bear claws you. x2
You hit the black bear.
The black bear is severely wounded.
The black bear bites you.
The black bear claws you but does no damage.
The black bear claws you.
You hit the black bear but do no damage.
The black bear is severely wounded.
The black bear bites you!
* * * LOW HITPOINT WARNING * * *
The black bear claws you but does no damage.
The black bear closely misses you.
You puncture the black bear!
The black bear is almost dead.
The black bear goes berserk!
You are confused.
You feel invigorated. The black bear completely misses you.
The black bear barely misses you. The black bear claws you.
* * * LOW HITPOINT WARNING * * *
You barely miss the black bear.
The black bear is almost dead.
The black bear bites you!
* * * LOW HITPOINT WARNING * * *
The black bear claws you but does no damage.
The black bear claws you.
* * * LOW HITPOINT WARNING * * *
The black bear bites you!
You die...

... J...
)....
......####
.......†.#
......##<#
.h... #J#
.... #h#
... #@# ..
#.# . #.#
#.# #.#
..# ###


You could see a black bear (berserk) and a jelly.

Vanquished Creatures
  Grinder (D:3)
  Menkaure (D:5)
  A black bear (D:5)
  An ogre (D:6)
  A scorpion (D:4)
  A bullfrog (D:6)
  3 gnolls (D:2)
  12 adders
  An ufetubus (D:5)
  A worm (D:2)
  A dart slug (D:3)
  3 orcs
  20 ball pythons
  5 bats
  7 endoplasms
  2 giant cockroaches
  7 hobgoblins
  2 jackals (D:1)
  5 kobolds
  3 quokkas
  A frilled lizard (D:3)
  9 goblins
  6 rats
94 creatures vanquished.

Vanquished Creatures (others)
  A plant (D:3)
1 creature vanquished.

Grand Total: 95 creatures vanquished

Notes
Turn   | Place    | Note
-------+----------+-------------------------------------------
     0 | D:1      | billz999 the Troll Monk began the quest for the Orb.
     0 | D:1      | Reached XP level 1. HP: 22/22 MP: 0/0
   311 | D:1      | Reached XP level 2. HP: 26/29 MP: 1/1
   493 | D:1      | You fall into a shaft and drop 1 floor!
   858 | D:2      | Reached skill level 4 in Unarmed Combat
   925 | D:2      | Identified the +10 dagger "Zypeerewn" {vorpal, Fly rN+
                  | Will+ Str-2}
   931 | D:2      | Reached XP level 3. HP: 36/36 MP: 2/2
   956 | D:2      | Found a faded altar of an unknown god.
  1265 | D:2      | Reached XP level 4. HP: 44/44 MP: 3/3
  1324 | D:2      | Reached skill level 5 in Unarmed Combat
  1929 | D:3      | Noticed Grinder
  1930 | D:3      | Found a radiant altar of Vehumet.
  2117 | D:3      | Paralysed by Grinder for 3 turns
  2125 | D:3      | Killed Grinder
  2126 | D:3      | Reached skill level 7 in Unarmed Combat
  2126 | D:3      | Reached XP level 5. HP: 29/50 MP: 4/4
  2126 | D:3      | Reached XP level 6. HP: 35/59 MP: 5/5
  3127 | D:4      | Reached skill level 1 in Short Blades
  3362 | D:5      | Entered Level 5 of the Dungeon
  3412 | D:5      | Noticed Menkaure
  3437 | D:5      | Killed Menkaure
  3438 | D:5      | Reached XP level 7. HP: 32/67 MP: 6/6
  3670 | D:5      | Noticed Pikel
  3757 | D:6      | Slain by a black bear

Illustrated notes

Levels and vault maps discovered:
D:1:      dpeg_arrival_round_b, layout_loops_ring, st_stairs_2
D:2:      layout_basic, basic_ecumenical_altar, minmay_snake_closets
D:3:      minmay_bubble_buster, layout_basic, vehumet_altar_wand_db,
          grunt_decor_resistance, guppyfry_early_lair_pool, uniq_grinder
D:4:      layout_loops_ring
D:5:      layout_gridville, minmay_temple_entry_proselytizer, uniq_pikel,
          uniq_menkaure
D:6:      layout_basic, zin_scriptorium

Skill      XL: |  1  2  3  4  5  6  7 |
---------------+----------------------+-----
Unarmed Combat | 4 7 |  7.2
Short Blades   | 2 3 |  3.0
Fighting       | 3 4 |  4.1
Dodging        | |  2.4
Stealth        | |  1.0

Action                   |  1- 3 |  4- 6 |  7- 9 || total
-------------------------+-------+-------+-------++-------
Melee: Unarmed           |    42 |       |       ||    42
       Dagger            |    14 |   113 |    27 ||   154
       Punch             |       |     5 |       ||     5
Throw: Throwing net      |       |       |     1 ||     1
  Use: Scroll            |     2 |       |       ||     2
       Potion            |       |       |     1 ||     1
 Stab: Sleeping          |     2 |     6 |       ||     8
       Distracted        |       |     1 |       ||     1
Armor: Robe              |    11 |    32 |     9 ||    52
Dodge: Dodged            |    28 |    39 |    10 ||    77

Table legend: (Time is in decaauts)
 A = Elapsed time spent in this place.
 B = Non-inter-level travel time spent in this place.
 C = Inter-level travel time spent in this place.
 D = Time resting spent in this place.
 E = Time spent auto-exploring this place.
 F = Levels seen in this place.
 G = Mean time per level.
                   A        B        C        D        E       F      G
               +--------+--------+--------+--------+--------+-----+--------+
         Total |   3748 |   3538 |    210 |    284 |   2619 |   6 |  624.7 |
       Dungeon |   3748 |   3538 |    210 |    284 |   2619 |   6 |  624.7 |
               +--------+--------+--------+--------+--------+-----+--------+

Top non-repeatable levels by time:
     D:2: 1144 daAuts
     D:3: 903 daAuts
     D:1: 755 daAuts
     D:4: 554 daAuts
     D:5: 354 daAuts
     D:6: 36 daAuts
